 Dungeon Crawl Stone Soup version 0.31-a0-1074-g0b22e4e0f1 (webtiles) character file.

Game seed: 16386823646804081912

1421 Hubris850 the Cleaver (level 8, -3/70 HPs)
             Began as a Minotaur Fighter on Dec 7, 2023.
             Was a Believer of the Shining One.
             Slain by a bullfrog (9 damage)
             ... on level 6 of the Dungeon.
             The game lasted 00:08:11 (3846 turns).

Hubris850 the Cleaver (Minotaur Fighter)            Turns: 3846, Time: 00:08:16

Health: -3/70      AC: -1    Str: 22    XL:     8   Next: 44%
Magic:  7/7        EV:  8    Int:  5    God:    the Shining One [**....]
Gold:   140        SH:  5    Dex: 11    Spells: 7/7 levels left

rFire   . . .        a - +0 war axe
rCold   + . .        c - +0 buckler
rNeg    + . .        n - +2 chain mail {rC+}
rPois   +            (helmet restricted)
rElec   .            q - +0 cloak
rCorr   .            (no gloves)
SInv    .            v - +0 pair of boots
Will    .....        h - amulet of faith Stlth
                     r - ring of poison resistance
HPRegen 0.31/turn    (no ring)
MPRegen 0.10/turn

%: faith
@: corroded, glowing
A: horns 2, retaliatory headbutt
a: Renounce Religion, Divine Shield


You were on level 6 of the Dungeon.
You worshipped the Shining One.
The Shining One was pleased with you.
You visited 1 branch of the dungeon, and saw 6 of its levels.

You collected 270 gold pieces.
You spent 130 gold pieces at shops.

Inventory:

Hand Weapons
 a - a +0 war axe (weapon)
 u - a +3 sling
 w - a +2 morningstar of flaming
Missiles
 o - a boomerang (quivered)
 t - 4 javelins
Armour
 b - a +0 scale mail
 c - a +0 buckler (worn)
 n - a +2 chain mail of cold resistance (worn)
 q - a +0 cloak (worn)
 v - a +0 pair of boots (worn)
Jewellery
 h - an amulet of faith (around neck)
 l - an amulet of regeneration
 r - a ring of poison resistance (left hand)
Talismans
 p - a beast talisman
Wands
 k - a wand of flame (22)
 s - a wand of iceblast (13)
Scrolls
 e - 2 scrolls of teleportation {unknown}
 f - 3 scrolls of identify {unknown}
 g - a scroll of amnesia {unknown}
 m - 2 scrolls of fog {unknown}
 x - a scroll of silence {unknown}
Potions
 d - a potion of might
 i - 3 potions of curing
 j - a potion of mutation {unknown}
 z - a potion of attraction {unknown}


   Skills:
 - Level 6.0 Fighting
 + Level 8.2 Axes
 - Level 6.0 Armour
 - Level 8.0 Shields


You had 7 spell levels left.
You didn't know any spells.
Your spell library contained the following spells:

 Spells                   Type           Power      Damage    Failure   Level
 Manifold Assault         Tloc           0%         N/A       100%        4
 Dispersal                Tloc           0%         N/A       100%        6
 Disjunction              Tloc           0%         N/A       100%        8


Dungeon Overview and Level Annotations

Branches:
Dungeon (6/15)
 Temple: D:4-7

Altars:
Gozag
Zin
The Shining One

Shops:
D:4 [=!(=   D:6 !


Innate Abilities, Weirdness & Mutations

You have a pair of horns on your head.
You reflexively headbutt those who attack you in melee.


Message History

The bullfrog is severely wounded.
You hit the jelly.
Your hands burn!
You hit the white imp but do no damage. The bullfrog barely misses you.
The bullfrog hits you. The jelly closely misses you. The white imp hits you.
The white imp freezes you. You resist.
You hit the jelly but do no damage. The acid corrodes you!
Your hands burn!
The jelly is severely wounded.
You hit the white imp. You closely miss the bullfrog. The bullfrog hits you!
* * * LOW HITPOINT WARNING * * *
You block the jelly's attack. The white imp hits you.
* * * LOW HITPOINT WARNING * * *
The white imp freezes you. You resist.
* * * LOW HITPOINT WARNING * * *
The bullfrog hits you.
* * * LOW HITPOINT WARNING * * *
Unknown command.
You hit the jelly but do no damage.
Your hands burn!
* * * LOW HITPOINT WARNING * * *
You headbutt the jelly, but do no damage.
The jelly is severely wounded.
You hit the white imp but do no damage. You hit the bullfrog but do no damage.
The bullfrog hits you but does no damage.
The white imp gestures at you. The puff of frost hits you. You resist.
* * * LOW HITPOINT WARNING * * *
The jelly jiggles.
The jelly hits you but does no damage.
It was a potion of curing.
You feel better. The bullfrog hits you.
* * * LOW HITPOINT WARNING * * *
The jelly hits you.
* * * LOW HITPOINT WARNING * * *
The acid corrodes you!
You are splashed with acid!
* * * LOW HITPOINT WARNING * * *
The white imp disappears for a moment.
The white imp barely misses you. You furiously retaliate!
You headbutt the white imp!
You kill the white imp!
The Shining One accepts your kill.
You feel better. The bullfrog hits you!
You die...

..#.#...##
###...#....##
#.....#.....##
.............
...........# ...
....... .. ....
#J.F# ..
.....#.@###.##
.............# .
..#####.##..##..#
#.....#......#
#..#.....#...#
#.###....###.##
.. ...
##....#....##...
###
#.∩..##...#.#...
##.......##......


You could see a bullfrog and a jelly.

Vanquished Creatures
  Grinder (D:3)
  Sigmund (D:2)
  A black bear (D:4)
  An ice beast (D:6)
  An ogre (D:6)
  2 phantoms
  A scorpion (D:4)
  2 jellies (D:5)
  A gnoll bouda (D:4)
  Terence (D:2)
  A sleepcap (D:4)
  Ijyb (D:4)
  5 iguanas
  3 orc wizards
  3 gnolls (D:5)
  8 adders
  A shadow imp (D:6)
  A white imp (D:6)
  A worm (D:2)
  5 dart slugs
  15 orcs
  8 endoplasms
  4 giant cockroaches
  7 goblins
  6 hobgoblins
  3 jackals (D:5)
  6 quokkas
  8 ball pythons
  4 bats
  5 frilled lizards
  A kobold (D:4)
  9 rats
117 creatures vanquished.

Notes
Turn   | Place    | Note
-------+----------+-------------------------------------------
     0 | D:1      | Hubris850 the Minotaur Fighter began the quest for the Orb.
     0 | D:1      | Reached XP level 1. HP: 19/19 MP: 0/0
    64 | D:1      | Found a faded altar of an unknown god.
    67 | D:1      | Prayed at the altar of an unknown god.
    67 | D:1      | Became a worshipper of the Shining One
    67 | D:1      | Reached * piety under the Shining One
   176 | D:1      | Reached XP level 2. HP: 21/27 MP: 1/1
   514 | D:1      | Reached XP level 3. HP: 33/33 MP: 2/2
   790 | D:2      | Noticed Sigmund
   805 | D:2      | Killed Sigmund
   806 | D:2      | Reached XP level 4. HP: 16/41 MP: 3/3
   806 | D:2      | Reached XP level 5. HP: 18/47 MP: 4/4
  1334 | D:2      | Reached skill level 5 in Armour
  1366 | D:2      | Noticed Terence
  1373 | D:2      | Killed Terence
  1374 | D:2      | Reached skill level 5 in Fighting
  1374 | D:2      | Reached skill level 5 in Shields
  1547 | D:3      | Noticed Grinder
  1547 | D:3      | Reached ** piety under the Shining One
  1556 | D:3      | Killed Grinder
  1557 | D:3      | Reached XP level 6. HP: 48/56 MP: 5/5
  2266 | D:4      | Reached skill level 5 in Axes
  2285 | D:4      | Noticed Ijyb
  2293 | D:4      | Killed Ijyb
  2294 | D:4      | Reached XP level 7. HP: 59/62 MP: 6/6
  2299 | D:4      | Found Hasax's Distillery.
  2343 | D:4      | Found Ystueg's Antique Armour Shop.
  2403 | D:4      | Bought a pair of boots for 130 gold pieces
  2439 | D:4      | Found an opulent altar of Gozag.
  2468 | D:4      | Found a glowing silver altar of Zin.
  2554 | D:4      | Found Atassu's Weapon Shoppe.
  2637 | D:4      | Found Eraixil's Jewellery Shoppe.
  2801 | D:4      | Found Rahirev's Jewellery Shop.
  3056 | D:5      | Entered Level 5 of the Dungeon
  3084 | D:5      | Reached XP level 8. HP: 45/70 MP: 7/7
  3824 | D:6      | Found Zeschos's Distillery.
  3846 | D:6      | HP: 2/70 [acid (10)]
  3846 | D:6      | Slain by a bullfrog

Illustrated notes

Levels and vault maps discovered:
D:1:      dpeg_arrival_erosion, layout_basic, chequers_ecumenical_altar_grove,
          serial_rivers, chequers_serial_rivers_micro_e,
          chequers_serial_rivers_marsh, chequers_serial_rivers_room_b,
          chequers_serial_rivers_micro_d
D:2:      layout_basic, uniq_terence, uniq_sigmund
D:3:      layout_loops_ring, st_stairs_10, uniq_grinder
D:4:      layout_basic, pdpol_temple_overflow_zin_treasury_gozag_greed,
          serial_shops, nicolae_shop_temple_entry_statues_fountains,
          nicolae_shop_tiny_statue_garden, nicolae_shop_waterfront, shop,
          nicolae_shop_tiny_waterfront, kennysheep_generic_room_5, uniq_ijyb
D:5:      layout_basic
D:6:      layout_cave_pools, serial_shops, shop_statue, shop, shop,
          nicolae_shop_advertising_works [nicolae_subvault_shop_adworks],
          st_stairs_1, blue_anna_alchemist, uniq_pikel

Skill      XL: |  1  2  3  4  5  6  7  8 |
---------------+-------------------------+-----
Armour         | 4 5 6 |  6.0
Fighting       | 4 5 6 |  6.0
Shields        | 4 5 7 8 |  8.0
Axes           | 3 4 5 6 8 |  8.2

Action                     |  1- 3 |  4- 6 |  7- 9 || total
---------------------------+-------+-------+-------++-------
  Melee: War axe           |    51 |    58 |    97 ||   206
         Headbutt          |     4 |    15 |    24 ||    43
  Throw: Boomerang         |       |       |     5 ||     5
  Evoke: Wand              |     6 |       |     4 ||    10
    Use: Potion            |       |       |     1 ||     1
 Armour: Scale mail        |    37 |    14 |       ||    51
         Chain mail        |       |    31 |    96 ||   127
  Dodge: Dodged            |    22 |    22 |    44 ||    88
  Block: Buckler           |     8 |     9 |    28 ||    45

Table legend: (Time is in decaauts)
 A = Elapsed time spent in this place.
 B = Non-inter-level travel time spent in this place.
 C = Inter-level travel time spent in this place.
 D = Time resting spent in this place.
 E = Time spent auto-exploring this place.
 F = Levels seen in this place.
 G = Mean time per level.
                   A        B        C        D        E       F      G
               +--------+--------+--------+--------+--------+-----+--------+
         Total |   3911 |   3815 |     96 |    114 |   3039 |   6 |  651.8 |
       Dungeon |   3911 |   3815 |     96 |    114 |   3039 |   6 |  651.8 |
               +--------+--------+--------+--------+--------+-----+--------+

Top non-repeatable levels by time:
     D:2: 901 daAuts
     D:4: 873 daAuts
     D:5: 696 daAuts
     D:1: 670 daAuts
     D:3: 664 daAuts
     D:6: 106 daAuts
